 Dungeon Crawl Stone Soup version 0.30-a0-6-g7c9e10e132 (webtiles) character file.

Game seed: 4630021500368386299

127 Misha the Poker (level 5, -1/40 HPs)
             Began as a Merfolk Gladiator on Aug 23, 2022.
             Was a High Priest of Ignis.
             Succumbed to a gnoll's poison
             ... on level 3 of the Dungeon.
             The game lasted 00:04:53 (2288 turns).

Misha the Poker (Merfolk Gladiator)                 Turns: 2288, Time: 00:04:54

Health: -1/40      AC:  8    Str: 15 (16) XL:     5   Next: 11%
Magic:  5/5        EV: 13    Int:  6 (7)  God:    Ignis [*****.]
Gold:   67         SH:  9    Dex: 14 (16) Spells: 4/4 levels left

rFire   + . .      SeeInvis .    a - +0 trident
rCold   . . .      Faith    .    h - +2 kite shield
rNeg    . . .      Spirit   .    m - +0 scale mail
rPois   .          Reflect  .    c - +0 helmet
rElec   .          Harm     .    (no cloak)
rCorr   .          Rampage  .    f - +0 pair of gloves
Will    .....                    (no boots)
Stlth   ..........               (no amulet)
HPRegen 0.13/turn                k - +4 ring of evasion
MPRegen 0.09/turn                (no ring)

@: lethally poisoned (-1 -> -6), flying
A: (nimble swimmer 2), mertail, claws 1, wild magic 1, MP-powered wands
a: Renounce Religion, Fiery Armour, Foxfire Swarm, Rising Flame


You were on level 3 of the Dungeon.
You worshipped Ignis.
Ignis was extremely pleased with you.
You visited 1 branch of the dungeon, and saw 3 of its levels.

You collected 67 gold pieces.

Inventory:

Hand Weapons
 a - a +0 trident (weapon)
Missiles
 b - 2 atropa-tipped darts
 d - 3 throwing nets (quivered)
 e - a javelin
Armour
 c - a +0 helmet (worn)
 f - a +0 pair of gloves (worn)
 h - a +2 kite shield (worn)
 m - a +0 scale mail (worn)
Jewellery
 k - a +4 ring of evasion (left hand)
 r - a ring of fire
Scrolls
 i - 2 scrolls of blinking
 j - 3 scrolls of identify
Potions
 n - 4 potions of haste


   Skills:
 + Level 2.8 Fighting
 + Level 5.9 Polearms
 + Level 2.1 Throwing
 + Level 1.0 Armour
 + Level 4.3 Dodging
 + Level 1.0 Stealth
 + Level 0.7 Shields


You had 4 spell levels left.
You didn't know any spells.
Your spell library was empty.

Dungeon Overview and Level Annotations

Branches:
Dungeon (3/15)

Altars:
Fedhas
Ignis


Innate Abilities, Weirdness & Mutations

((You are very nimble when in or above water. (Stealth+, EV+, Speed+++)))
Your lower body shifts to a powerful aquatic tail in water.
You have sharp fingernails.
Your spells are a little harder to cast, but a little more powerful.
You expend magic power (3 MP) to strengthen your wands.


Message History

* * * LOW HITPOINT WARNING * * *
You cannot attack while held in a net.
The gnoll hits you but does no damage.
You tear a large gash into the net.
The gnoll closely misses you.
It was a potion of flight.
You feel very buoyant.
You fly up into the air.
The gnoll barely misses you.
You rip the net and break free!
The gnoll hits you from afar with a +1 spear of venom.
* * * LOW HITPOINT WARNING * * *
You are lethally poisoned!
Okay, then.
Unknown command.
As you read the scroll labelled LOIHIA KAOWI, it crumbles to dust.
You hear a loud clanging noise!
It was a scroll of noise.
* * * LOW HITPOINT WARNING * * *
You feel very sick.
You hear an angry hiss.
You hear a shout!
The gnoll hits you from afar with a +1 spear of venom.
* * * LOW HITPOINT WARNING * * *
Reach: a) +0 trident
Press: ? - help, Dir - move target, f - gnoll
Aim: a gnoll, wielding a +1 spear of venom (about 36% to evade your +0 trident)
You reach to attack!
You hit the gnoll but do no damage.
* * * LOW HITPOINT WARNING * * *
You feel very sick. You block the gnoll's attack.
Reach: a) +0 trident
Press: ? - help, Dir - move target, f/p - gnoll
Aim: a gnoll, wielding a +1 spear of venom (about 36% to evade your +0 trident)
You reach to attack!
You closely miss the gnoll.
* * * LOW HITPOINT WARNING * * *
You feel sick. You block the gnoll's attack.
Unknown command.
Reach: a) +0 trident
Press: ? - help, Dir - move target, f/p - gnoll
Aim: a gnoll, wielding a +1 spear of venom (about 36% to evade your +0 trident)
You reach to attack!
You barely miss the gnoll.
You die...

#.# #.#
###.#
#...#
#.### #.#
#.#
########.#
.....g)@.#
##########


You could see a gnoll.

Vanquished Creatures
  Jessica (D:2)
  3 gnolls (D:3)
  An adder (D:2)
  A worm (D:2)
  3 dart slugs
  6 bats
  9 endoplasms
  2 giant cockroaches (D:1)
  5 goblins
  A hobgoblin (D:2)
  3 jackals (D:1)
  2 quokkas (D:1)
  3 ball pythons
  6 kobolds
  7 rats
53 creatures vanquished.

Notes
Turn   | Place    | Note
-------+----------+-------------------------------------------
     0 | D:1      | Misha the Merfolk Gladiator began the quest for the Orb.
     0 | D:1      | Reached XP level 1. HP: 16/16 MP: 1/1
   243 | D:1      | Reached XP level 2. HP: 23/23 MP: 2/2
   692 | D:1      | Reached XP level 3. HP: 28/28 MP: 3/3
  1645 | D:2      | Noticed Jessica
  1656 | D:2      | Killed Jessica
  1657 | D:2      | Reached skill level 5 in Polearms
  1657 | D:2      | Reached skill level 1 in Stealth
  1657 | D:2      | Reached XP level 4. HP: 30/34 MP: 4/4
  1822 | D:2      | Found a faded altar of an unknown god.
  2178 | D:2      | Found a blossoming altar of Fedhas.
  2215 | D:2      | Prayed at the altar of an unknown god.
  2215 | D:2      | Became a worshipper of Ignis, the Dying Flame
  2273 | D:3      | Reached skill level 1 in Armour
  2273 | D:3      | Reached XP level 5. HP: 18/40 MP: 5/5
  2279 | D:3      | Gained mutation: Your spells are a little harder to cast,
                  | but a little more powerful. [potion of mutation]
  2279 | D:3      | Gained mutation: You expend magic power (3 MP) to
                  | strengthen your wands. [potion of mutation]
  2279 | D:3      | Gained mutation: You have sharp fingernails. [potion of
                  | mutation]
  2286 | D:3      | HP: 2/40 [poisoned by a gnoll]
  2288 | D:3      | Succumbed to a gnoll's poison

Illustrated notes

Levels and vault maps discovered:
D:1:      lemuel_arrival_rhombus, layout_basic, fountainhead,
          corexii_corridor_pit, kennysheep_doodads,
          chequers_serial_rivers_large_a
D:2:      layout_rooms, chequers_ecumenical_altar_simple_redux, basic_altar,
          minmay_circle_x, uniq_jessica
D:3:      layout_loops_ring, tgw_sif, nicolae_concentric_dashed_squares_mild,
          supply_closet_lemuel, serial_park_tiny_2

Skill      XL: |  1  2  3  4 |
---------------+-------------+-----
Polearms       | 5 |  5.9
Stealth        | 1 |  1.0
Armour         | 1 |  1.0
Fighting       | |  2.8
Throwing       | |  2.1
Dodging        | |  4.3
Shields        | |  0.7

Action                   |  1- 3 |  4- 6 || total
-------------------------+-------+-------++-------
Melee: Trident           |    79 |    99 ||   178
  Use: Scroll            |     6 |     1 ||     7
       Potion            |     2 |     3 ||     5
 Stab: Sleeping          |     4 |       ||     4
Armor: Leather armour    |    13 |     4 ||    17
       Scale mail        |       |    19 ||    19
Dodge: Dodged            |    29 |    39 ||    68
Block: Kite shield       |    20 |    45 ||    65

Table legend: (Time is in decaauts)
 A = Elapsed time spent in this place.
 B = Non-inter-level travel time spent in this place.
 C = Inter-level travel time spent in this place.
 D = Time resting spent in this place.
 E = Time spent auto-exploring this place.
 F = Levels seen in this place.
 G = Mean time per level.
                   A        B        C        D        E       F      G
               +--------+--------+--------+--------+--------+-----+--------+
         Total |   2309 |   2258 |     51 |    204 |   1569 |   3 |  769.7 |
       Dungeon |   2309 |   2258 |     51 |    204 |   1569 |   3 |  769.7 |
               +--------+--------+--------+--------+--------+-----+--------+

Top non-repeatable levels by time:
     D:1: 1637 daAuts
     D:2: 607 daAuts
     D:3: 64 daAuts
